 Dungeon Crawl Stone Soup version 0.21-a0-437-ge5bf024 (webtiles) character file.

1295 Barriton the Carver (level 8, -3/68 HPs)
             Began as a Minotaur Gladiator on Nov 9, 2017.
             Was a Believer of Makhleb.
             Killed from afar by an orc wizard (6 damage)
             ... with a puff of frost
             ... on level 5 of the Dungeon.
             The game lasted 00:10:13 (3437 turns).

Barriton the Carver (Minotaur Gladiator)            Turns: 3437, Time: 00:10:14

Health: -3/68      AC: 11    Str: 22    XL:     8   Next: 30%
Magic:  7/7        EV: 13    Int:  7    God:    Makhleb [**....]
Gold:   205        SH:  0    Dex: 11    Spells: 7/7 levels left

rFire    . . .     SeeInvis .   a - +0 long sword
rCold    . . .     Gourm    .   (no shield)
rNeg     . . .     Faith    .   l - +0 ring mail
rPois    .         Spirit   .   o - +2 hat
rElec    .         Reflect  .   e - +2 cloak
rCorr    .         Harm     .   (no gloves)
MR       .....                  (no boots)
Stlth    +.........             (no amulet)
HPRegen  0.21/turn              g - +1 ring of slaying
MPRegen  0.10/turn              s - +2 ring of intelligence

@: no status effects
A: retaliatory headbutt, horns 2
a: Minor Destruction, Renounce Religion


You were on level 5 of the Dungeon.
You worshipped Makhleb.
Makhleb was pleased with you.
You were not hungry.

You visited 1 branch of the dungeon, and saw 5 of its levels.

You collected 205 gold pieces.

Inventory:

Hand Weapons
 a - a +0 long sword (weapon)
Missiles
 d - 3 throwing nets (quivered)
Armour
 b - a +0 leather armour
 c - a +0 hat
 e - a +2 cloak (worn)
 l - a +0 ring mail (worn)
 o - a +2 hat (worn)
Jewellery
 g - a +1 ring of slaying (left hand)
 s - a +2 ring of intelligence (right hand)
 u - an uncursed ring of poison resistance {unknown}
 y - an uncursed ring of positive energy
 B - an uncursed ring of magical power {unknown}
 C - an uncursed ring of protection from magic {unknown}
 E - an uncursed ring of wizardry {unknown}
Wands
 j - a wand of digging (12/24)
Scrolls
 k - 2 scrolls of blinking
 n - 4 scrolls of teleportation
 q - 3 scrolls of fear
 A - a scroll of identify
 D - a scroll of remove curse
Potions
 h - 2 potions of berserk rage {unknown}
 i - 2 potions of agility {unknown}
 m - 2 potions of curing {unknown}
 t - a potion of ambrosia {unknown}
 z - a potion of flight {unknown}
Books
 x - a book of Conjurations

   Spells                             Type                      Level
   a - Magic Dart                     Conjuration                  1
   b - Searing Ray                    Conjuration                  2
   c - Dazzling Spray                 Conjuration/Hexes            3
   d - Fulminant Prism                Conjuration/Hexes            4
   e - Force Lance                    Conjuration/Translocation    4
   f - Iskenderun's Mystic Blast      Conjuration                  4
Miscellaneous
 w - a crystal ball of energy
Comestibles
 f - 4 bread rations
 p - 8 fruits
 r - 2 chunks of flesh
 v - 2 meat rations


   Skills:
 + Level 5.0 Fighting
 + Level 8.9 Long Blades
 + Level 2.1 Throwing
 + Level 5.6 Armour
 + Level 5.4 Dodging
 - Level 0.9 Stealth


You had 7 spell levels left.
You didn't know any spells.

Dungeon Overview and Level Annotations

Branches:
Dungeon (5/15)
 Temple: D:4-7

Altars:
Makhleb
Ru

Annotations:
D:5 Dowan


Innate Abilities, Weirdness & Mutations

You reflexively headbutt those who attack you in melee.
You have a pair of horns on your head.


Message History

You completely miss Duvessa. You headbutt Duvessa!
Duvessa is almost dead.
Duvessa hits you with a rapier of electrocution!
* * * LOW HITPOINT WARNING * * *
You slash Duvessa!
Duvessa is almost dead.
Duvessa barely misses you.
You riposte.
You hit Duvessa but do no damage.
Duvessa is almost dead.
You slash Duvessa!
You kill Duvessa!
Makhleb accepts your kill.
Dowan screams, "No!
Oh no!"
Dowan seems to find hidden reserves of power!
Your Fighting skill increases to level 5!
The orc wizard casts a spell.
The orc wizard blinks!
You hear some strange, mumbled words.
A puff of frost appears from out of thin air!
The puff of frost hits you!
You die...

.# ...#†...####....
#.# #.†o.#### . #.#
#.†O.#.. # #.#
#)...#.# #.####.####
#####....#.#
#.<.......##
#.O.O.§..'.#
####.......#
#o###....###
#.......# #.# #....#
#.......# #@# #....#
#.......# #.# ######
###.##)######.#
#.##.# #....#
#####.##.###.####
#............#######
#.....#.###.........
#.....#.# #.........
#.....#.# #.........


You could see an ogre and an orc wizard.

Vanquished Creatures
  Menkaure (D:4)
  Duvessa (D:5)
  2 phantoms
  4 ogres
  A centaur (D:3)
  2 howler monkeys (D:5)
  A centaur zombie (D:5)
  2 orc priests (D:3)
  A hound (D:5)
  An orc wizard (D:3)
  An iguana (D:5)
  A hound zombie (D:5)
  6 gnolls (D:4)
  6 adders
  An ooze (D:4)
  3 worms
  2 dart slugs
  3 leopard geckos
  4 orcs
  A ball python (D:1)
  4 giant cockroaches
  6 goblins
  8 hobgoblins
  14 jackals
  4 quokkas
  7 bats
  6 frilled lizards
  2 kobolds
  A leopard gecko zombie (D:5)
  13 rats
109 creatures vanquished.

Notes
Turn   | Place    | Note
-------+----------+-------------------------------------------
     0 | D:1      | Barriton the Minotaur Gladiator began the quest for the Orb.
     0 | D:1      | Reached XP level 1. HP: 18/18 MP: 0/0
    81 | D:1      | Reached XP level 2. HP: 23/25 MP: 1/1
    84 | D:1      | Reached skill level 4 in Long Blades
   259 | D:1      | Reached XP level 3. HP: 20/30 MP: 2/2
   619 | D:2      | Reached skill level 1 in Armour
   859 | D:2      | Reached XP level 4. HP: 38/38 MP: 3/3
   872 | D:2      | Found a faded altar of an unknown god.
   899 | D:2      | Became a worshipper of Makhleb the Destroyer
   899 | D:2      | Reached * piety under Makhleb
  1681 | D:3      | Reached skill level 5 in Long Blades
  1687 | D:3      | Reached XP level 5. HP: 23/45 MP: 4/4
  1755 | D:3      | Noticed a centaur
  1760 | D:3      | Killed a centaur
  2062 | D:3      | Reached XP level 6. HP: 51/51 MP: 5/5
  2373 | D:4      | Reached skill level 6 in Long Blades
  2397 | D:4      | Found a sacrificial altar of Ru.
  2679 | D:4      | Noticed Menkaure
  2689 | D:4      | Killed Menkaure
  2873 | D:4      | Reached ** piety under Makhleb
  2873 | D:4      | Reached XP level 7. HP: 58/58 MP: 6/6
  2961 | D:4      | Reached skill level 7 in Long Blades
  3237 | D:5      | Entered Level 5 of the Dungeon
  3287 | D:5      | Reached skill level 5 in Dodging
  3296 | D:5      | Reached skill level 5 in Armour
  3355 | D:5      | Reached skill level 8 in Long Blades
  3355 | D:5      | Reached XP level 8. HP: 51/67 MP: 7/7
  3400 | D:5      | Noticed Duvessa
  3412 | D:5      | Noticed Dowan
  3433 | D:5      | HP: 2/67 [Duvessa/rapier of electrocution (13)]
  3435 | D:5      | Killed Duvessa
  3435 | D:5      | Reached skill level 5 in Fighting
  3437 | D:5      | Killed from afar by an orc wizard

Vault maps used:
D:1:      roderic_dead_forest
D:2:      chequers_ecumenical_altar_simple_redux, minmay_liquid_box,
          patterned_corridor
D:3:      kennysheep_donut, minmay_misc_feat_columns
D:4:      nicolae_overflow_crystal_walls, minmay_misc_feat_alley,
          minmay_checkerbox, uniq_menkaure
D:5:      first_bread, hex_intersection, uniq_duvessa

Skill      XL: |  1  2  3  4  5  6  7  8 |
---------------+-------------------------+-----
Long Blades    | 4 5 6 8 |  8.9
Fighting       | 3 4 5 |  5.0
Armour         | 1 2 3 4 5 |  5.6
Dodging        | 4 5 |  5.4
Throwing       | |  2.1
Stealth        | |  0.9

Action                   |  1- 3 |  4- 6 |  7- 9 || total
-------------------------+-------+-------+-------++-------
Melee: Long sword        |    69 |    76 |    94 ||   239
       Headbutt          |    13 |    13 |    22 ||    48
Invok: Minor Destruction |       |       |     1 ||     1
  Use: Scroll            |     1 |    12 |       ||    13
  Eat: Chunk             |       |     6 |     2 ||     8
Armor: Leather armour    |    13 |       |       ||    13
       Ring mail         |    12 |    39 |    47 ||    98
Dodge: Dodged            |    55 |    64 |    73 ||   192
       Rpst.: Long sword |    15 |    17 |    17 ||    49

Table legend:
 A = Spawn XP
 B = Non-spawn XP
 C = Spawn XP percentage of total XP
 D = Spawn monster count
 E = Non-spawn monster count
 F = Spawn count percentage of total count
 G = Total turns spent on level
                    A         B        C        D         E        F      G
               +---------+---------+-------+---------+---------+-------+---------
         Total |       0 |    1851 |   0.0 |       0 |     109 |   0.0 |  3437
               +---------+---------+-------+---------+---------+-------+---------
           D:1 |       0 |      43 |   0.0 |       0 |      27 |   0.0 |   458
           D:2 |       0 |      84 |   0.0 |       0 |      27 |   0.0 |   848
           D:3 |       0 |     257 |   0.0 |       0 |      15 |   0.0 |  1011
           D:4 |       0 |     562 |   0.0 |       0 |      19 |   0.0 |   920
           D:5 |       0 |     905 |   0.0 |       0 |      21 |   0.0 |   200
               +---------+---------+-------+---------+---------+-------+---------
